 Dungeon Crawl Stone Soup version 0.17-a0-913-g36eb389 (webtiles) character file.

79 Lathuz the Firebug (level 4, 0/24 HPs)
             Began as a Deep Elf Fire Elementalist on May 3, 2015.
             Killed by divine providence
             ... invoked by an orc priest
              (12 damage)
             ... on level 3 of the Dungeon.
             The game lasted 00:13:59 (3045 turns).

Lathuz the Firebug (Deep Elf Fire Elementalist)     Turns: 3045, Time: 00:13:59

Health: 0/24       AC:  2    Str:  5    XL:     4   Next: 17%
Magic:  2/10       EV: 13    Int: 21    God:
Gold:   92         SH:  0    Dex: 15    Spells: 3 memorised, 1 level left

rFire  . . .     SeeInvis .     e - +0 club
rCold  . . .     Clarity  .     a - +0 robe
rNeg   . . .     SustAb   .     (no shield)
rPois  .         Gourm    .     (no helmet)
rElec  .         Spirit   .     (no cloak)
rCorr  .         Warding  .     (no gloves)
rMut   .         Stasis   .     (no boots)
MR     .....                    (no amulet)
Stlth  ++........               (no ring)
                                (no ring)

@: not resistant to hostile enchantments, unstealthy
A: no striking features
a: no special abilities


You were on level 3 of the Dungeon.
You were not hungry.

You visited 1 branch of the dungeon, and saw 3 of its levels.

You collected 92 gold pieces.

Inventory:

Hand weapons
 e - a +0 club (weapon)
Armour
 a - a +0 robe (worn)
Scrolls
 f - a scroll of enchant weapon {unknown}
 g - a scroll of amnesia {unknown}
 h - 5 scrolls of identify {unknown}
 j - a scroll of immolation {unknown}
 o - a scroll of teleportation {unknown}
Potions
 i - a potion of heal wounds {unknown}
 k - 2 potions of poison {unknown}
 l - a potion of haste {unknown}
 m - a potion of ambrosia {unknown}
 p - a potion of berserk rage {unknown}
Books
 b - a book of Flames

   Spells                             Type                      Level
   a - Flame Tongue                   Conjuration/Fire             1
   b - Throw Flame                    Conjuration/Fire             2
   c - Conjure Flame                  Conjuration/Fire             3
   d - Inner Flame                    Hexes/Fire                   3
   e - Sticky Flame                   Conjuration/Fire             4
   f - Fireball                       Conjuration/Fire             5
Comestibles
 c - 4 bread rations
 d - 3 fruits
 n - 2 chunks of flesh


   Skills:
 - Level 2.4 Dodging
 - Level 2.4 Stealth
 - Level 3.0 Spellcasting
 + Level 3.0 Conjurations
 + Level 4.6 Fire Magic


You had one spell level left.
You knew the following spells:

 Your Spells              Type           Power        Failure   Level  Hunger
a - Flame Tongue          Conj/Fire      ###..        2%          1    None
b - Conjure Flame         Conj/Fire      ###.....     10%         3    ###....
c - Sticky Flame          Conj/Fire      ###.....     28%         4    ####...


Dungeon Overview and Level Annotations

Branches:
Dungeon (3/15)

Altars:
Gozag


Message History

The orc barely misses you. The hobgoblin hits you with a club.
You hit the hobgoblin.
You kill the hobgoblin!
The orc hits you but does no damage. The orc barely misses you.
Things that are here:
a club; 15 gold pieces; a hobgoblin corpse
There is an open door here.
Casting: Flame Tongue
Confirm with . or Enter, or press ? or * to list all spells.
You don't have enough magic to cast that spell.
Casting: Flame Tongue
Confirm with . or Enter, or press ? or * to list all spells.
Aiming: Flame Tongue
Press: ? - help, Shift-Dir - straight line, p - orc The flame tongue hits the orc.
The orc is lightly wounded.
The orc priest invokes the aid of Beogh against you.
Something smites you!
Ouch! That really hurt!
You die...

.. ##'### '## .......
.... ....... #.....
....... #....<
#.......############....(
+.......@oooo.oo...(...[.
#.......#######..........
....... #.######...
....... #.# #......
#######....... #.#
#.##... #..).§or....#..
#o# #.##### #o#
####.#.#####.###.# #)#
#.#.......†.#.# #.#
#.########..#.#


You could see an orc priest and 5 orcs.

Vanquished Creatures
  2 adders (D:2)
  A worm (D:2)
  An orc (D:3)
  7 bats
  2 giant cockroaches
  7 goblins
  7 hobgoblins
  7 jackals
  3 giant geckos
  4 giant newts
  6 kobolds
  A quokka (D:3)
  5 rats
53 creatures vanquished.

Notes
Turn   | Place    | Note
--------------------------------------------------------------
     0 | D:1      | Lathuz, the Deep Elf Fire Elementalist, began the quest for the Orb.
     0 | D:1      | Reached XP level 1. HP: 10/10 MP: 6/6
   475 | D:1      | Reached XP level 2. HP: 15/15 MP: 4/8
  1184 | D:1      | Reached skill level 4 in Fire Magic
  1386 | D:2      | Reached XP level 3. HP: 6/19 MP: 7/9
  1699 | D:2      | Learned a level 3 spell: Conjure Flame
  1933 | D:2      | Found an opulent altar of Gozag.
  2604 | D:3      | Reached XP level 4. HP: 24/24 MP: 3/10
  2660 | D:3      | Learned a level 4 spell: Sticky Flame
  3045 | D:3      | Killed from afar by an orc priest

Action                   |  1- 3 |  4- 6 || total
-------------------------+-------+-------++-------
Melee: Club              |    13 |     6 ||    19
 Cast: Flame Tongue      |    73 |    13 ||    86
       Conjure Flame     |     3 |     2 ||     5
       Sticky Flame      |       |     2 ||     2
  Eat: Chunk             |     5 |     2 ||     7
